 Dungeon Crawl Stone Soup version 0.24-a0-458-gfcb5e6da0e (webtiles) character file.

Game seed: 391943698532593468

9202 Mrkan the Summoner (level 11, 0/81 HPs)
             Began as a Gnoll Summoner on June 27, 2019.
             Was a Priest of Ashenzari.
             Slain by Snorg (9 damage)
             ... on level 10 of the Dungeon.
             The game lasted 00:46:37 (11665 turns).

Mrkan the Summoner (Gnoll Summoner)                Turns: 11665, Time: 00:46:38

Health: 0/81       AC:  8    Str: 11    XL:     11   Next: 42%
Magic:  4/7        EV: 18    Int: 21    God:    Ashenzari [***...]
Gold:   668        SH:  9    Dex: 15    Spells: 15/26 levels left

rFire    + . .     SeeInvis +   F - +9 spear of the Maze {antimagic, rF+ SInv}
rCold    . . .     Gourm    .   r - +0 shield
rNeg     . . .     Faith    .   a - +0 robe
rPois    .         Spirit   .   B - +1 helmet (curse)
rElec    .         Reflect  .   u - +0 cloak
rCorr    .         Harm     .   E - +0 pair of gloves
MR       .....                  H - +0 pair of boots
Stlth    ++++......             T - amulet of magic regeneration (curse)
HPRegen  0.23/turn              w - +3 ring of evasion (curse)
MPRegen  0.35/turn              A - ring of flight (curse)

@: no status effects
A: distributed training, fangs 1, strong nose
a: Curse Item, Scrying, Renounce Religion, Evoke Flight


You were on level 10 of the Dungeon.
You worshipped Ashenzari.
Ashenzari was most pleased with you.
You were not hungry.

You visited 2 branches of the dungeon, and saw 11 of its levels.
You also visited: Ossuary.

You collected 860 gold pieces.
You spent 192 gold pieces at shops.

Inventory:

Hand Weapons
 g - a +0 halberd
 j - a +0 hunting sling
 D - a cursed -2 hunting sling
 F - the +9 spear of the Maze (weapon) {antimagic, rF+ SInv}
   (You bought it in a shop on level 5 of the Dungeon)

   It reduces the magical energy of the wielder, and disrupts the spells and
   magical abilities of those hit.
   Natural abilities and divine invocations are not affected.
   It protects you from fire.
   It lets you see invisible.
Missiles
 k - 404 stones (quivered)
Armour
 a - a +0 robe (worn)
 r - a +0 shield (worn)
 u - a +0 cloak (worn)
 B - a cursed +1 helmet (worn)
 E - a +0 pair of gloves (worn)
 H - a +0 pair of boots (worn)
 N - a +0 chain mail
Jewellery
 e - an uncursed ring of protection from magic
 s - a +3 ring of protection
 w - a cursed +3 ring of evasion (left hand)
 A - a cursed ring of flight (right hand)
 O - a +2 ring of evasion
 Q - an uncursed amulet of harm
 R - a +3 ring of intelligence
 T - a cursed amulet of magic regeneration (around neck)
 V - a cursed ring of ice
Wands
 G - a wand of flame (11)
 J - a wand of disintegration (11)
 K - a wand of paralysis (8)
 M - a wand of acid (11)
 S - a wand of random effects (15)
Scrolls
 b - 4 scrolls of random uselessness
 n - 2 scrolls of noise {unknown}
 q - 2 scrolls of enchant weapon {unknown}
 x - 3 scrolls of immolation {unknown}
 y - 11 scrolls of identify
 C - 4 scrolls of teleportation
 L - a scroll of amnesia {unknown}
 P - 3 scrolls of fog {unknown}
 U - a scroll of enchant armour {unknown}
Potions
 d - 3 potions of flight {unknown}
 f - 4 potions of agility {unknown}
 h - 2 potions of haste
 i - 2 potions of degeneration {unknown}
 l - 4 potions of brilliance
 m - a potion of curing
 o - a potion of magic {unknown}
 p - a potion of invisibility {unknown}
 t - a potion of mutation
 v - a potion of resistance {unknown}
 z - 3 potions of might
 I - 2 potions of lignification {unknown}
Comestibles
 c - 27 rations


   Skills:
 + Level 6.2 Fighting
 + Level 6.2 Short Blades
 + Level 6.2 Long Blades
 + Level 6.2 Axes
 + Level 6.2 Maces & Flails
 + Level 6.2 Polearms
 + Level 6.2 Staves
 + Level 6.2 Slings
 + Level 6.2 Bows
 + Level 6.2 Crossbows
 + Level 6.2 Throwing
 + Level 6.2 Armour
 + Level 7.8 Dodging
 + Level 7.5 Stealth
 + Level 6.2 Shields
 + Level 6.2 Unarmed Combat
 + Level 8.0 Spellcasting
 + Level 5.1(8.0) Conjurations
 + Level 5.1(8.0) Hexes
 + Level 5.1(8.0) Charms
 + Level 8.9(11.7) Summonings
 + Level 5.1(8.0) Necromancy
 + Level 5.1(8.0) Translocations
 + Level 5.1(8.0) Transmutations
 + Level 5.1(8.0) Fire Magic
 + Level 5.1(8.0) Ice Magic
 + Level 5.1(8.0) Air Magic
 + Level 5.1(8.0) Earth Magic
 + Level 5.1(8.0) Poison Magic
 + Level 6.8 Invocations
 + Level 6.2(9.2) Evocations


You had 15 spell levels left.
You knew the following spells:

 Your Spells              Type           Power        Failure   Level  Hunger
a - Summon Small Mammal   Summ           ####         1%          1    None
b - Call Imp              Summ           ######..     1%          2    None
c - Summon Ice Beast      Ice/Summ       #####...     4%          4    ###....
d - Summon Lightning Spi  Summ/Air       #####...     4%          4    ###....

Your spell library contained the following spells:

 Spells                   Type           Power        Failure   Level  Hunger
 Corona                   Hex            #####..      1%          1    None
 Slow                     Hex            #####...     1%          2    None
 Call Canine Familiar     Summ           ######..     1%          3    None
 Summon Guardian Golem    Hex/Summ       #####...     1%          3    None
 Inner Flame              Hex/Fire       #####...     2%          3    None
 Portal Projectile        Hex/Tloc       #####.       2%          3    None
 Cause Fear               Hex            #####.....   9%          4    ###....
 Leda's Liquefaction      Hex/Erth       #####.....   9%          4    ###....


Dungeon Overview and Level Annotations

Branches:
Dungeon (10/15)            Temple (1/1) D:4            Lair (0/6) D:9
    Orc: D:9-12

Altars:
Ashenzari
Cheibriados
Dithmenos
Elyvilon
Fedhas
Gozag
Hepliaklqana
Kikubaaqudgha
Makhleb
Nemelex Xobeh
Okawaru
Qazlal
Ru
Sif Muna
Trog
Uskayaw
Vehumet
Wu Jian
Xom
Yredelemnul
Zin
The Shining One

Shops:
D:5 (   D:10 =}

Annotations:
D:7 2 transporters, LabCoat's ghost, novice HOFi
D:10 Snorg


Innate Abilities, Weirdness & Mutations

Your experience applies equally to all skills.
You have very sharp teeth.
Your uncanny sense of smell can sniff out nearby items.


Message History

You puncture Snorg!
Snorg is lightly wounded.
You puncture Snorg!
Snorg is moderately wounded.
Snorg goes berserk!
Your ice beast hits Snorg.
Your ice beast freezes Snorg!
You puncture Snorg!
Snorg is moderately wounded.
Snorg barely misses you. Snorg claws you! Snorg claws you.
Your ice beast hits Snorg.
Your ice beast freezes Snorg!
Snorg completely misses you. Snorg claws you! x2
You puncture Snorg!
Snorg is heavily wounded.
Your ice beast hits Snorg.
Your ice beast freezes Snorg!
Snorg bites you. Snorg closely misses you. x2
There is an open door here.
Snorg bites you but does no damage. Snorg claws you!!
* * * LOW HITPOINT WARNING * * *
Snorg completely misses you. Snorg bites you!
You die...

######### #########
#.......# #.......##
#.......# #.......+.
#.......# ####.......#.
#.......# #..'.......#y
#.......####.##......<##
#.......##...##.......##
#.......'..####.......#
#......@#### #.......#
#.....T.# #.......#
#....Y..# #....)..#
####'#### ####'#### #..#
##..# ##'# * #..## *
,.). ####'#######
*,.....* #.........#.
......' *#.#######.#.


You could see Snorg (berserk) and a friendly ice beast.

Vanquished Creatures
  A centaur warrior (D:9)
  A two-headed ogre (D:8)
  An unseen horror (D:9)
  A komodo dragon (D:9)
  2 trolls
  A queen bee (D:10)
  2 hippogriffs
  A slime creature (D:9)
  2 yaks (D:10)
  Sigmund (D:5)
  3 black bears
  An eye of draining (D:8)
  2 sky beasts
  3 orc warriors
  3 phantoms
  3 ogres
  6 bullfrogs
  A wyvern zombie (D:7)
  2 scorpions
  16 killer bees
  4 howler monkeys
  4 crimson imps
  2 centaur zombies (D:8)
  7 hounds
  2 orc priests
  An iguana (D:8)
  7 orc wizards
  4 worker ants
  A hound zombie (D:8)
  8 mummies (Ossuary)
  A worker ant zombie (D:7)
  5 adders
  2 shadow imps
  5 adder skeletons
  3 worms (D:2)
  2 dart slugs
  A leopard gecko (D:3)
  20 orcs
  7 giant cockroaches
  2 gnoll zombies (Ossuary)
  4 hobgoblins
  4 jackals
  6 kobolds
  3 quokkas
  A ball python (D:3)
  7 bats
  4 frilled lizards
  12 goblins
  2 kobold zombies (Ossuary)
  A leopard gecko skeleton (D:5)
  2 orc zombies (Ossuary)
  5 rats
192 creatures vanquished.

Vanquished Creatures (collateral kills)
  Fannar (D:10)
  A two-headed ogre (D:9)
  Sonja (D:10)
  A yak (D:10)
  An orc warrior (D:10)
  2 ice beasts
  2 sky beasts
  2 ogres
  2 centaurs
  A crocodile (D:9)
  A bullfrog (D:7)
  17 killer bees
  2 scorpions (D:5)
  A quasit (D:9)
  2 orc wizards
  A bullfrog skeleton (D:5)
  4 worker ants
  2 iguanas
  4 gnolls
  2 adders (D:4)
  An ooze (D:1)
  A dart slug (D:1)
  A leopard gecko (D:1)
  9 orcs
  3 bats (D:1)
  A goblin (D:1)
  3 jackals (D:4)
  4 frilled lizards
  2 hobgoblin zombies (Ossuary)
  3 kobolds
  4 rats
82 creatures vanquished.

Vanquished Creatures (others)
  3 plants (D:9)
  4 toadstools (D:1)
7 creatures vanquished.

Grand Total: 281 creatures vanquished

Notes
Turn   | Place    | Note
-------+----------+-------------------------------------------
     0 | D:1      | Mrkan the Gnoll Summoner began the quest for the Orb.
     0 | D:1      | Reached XP level 1. HP: 13/13 MP: 6/6
   175 | D:1      | Reached XP level 2. HP: 10/19 MP: 3/7
   498 | D:1      | Reached XP level 3. HP: 18/25 MP: 9/9
   500 | D:1      | Reached skill level 5 in Spellcasting
   788 | D:2      | Noticed a +0 dagger
   789 | D:2      | Noticed a +0 hand axe
   795 | D:2      | Found a hide-covered altar of Uskayaw.
   866 | D:2      | Reached skill level 1 in Invocations
  1314 | D:2      | Reached skill level 1 in Fighting
  1314 | D:2      | Reached skill level 1 in Short Blades
  1314 | D:2      | Reached skill level 1 in Long Blades
  1314 | D:2      | Reached skill level 1 in Axes
  1314 | D:2      | Reached skill level 1 in Maces & Flails
  1314 | D:2      | Reached skill level 1 in Polearms
  1314 | D:2      | Reached skill level 1 in Staves
  1314 | D:2      | Reached skill level 1 in Slings
  1314 | D:2      | Reached skill level 1 in Bows
  1314 | D:2      | Reached skill level 1 in Crossbows
  1314 | D:2      | Reached skill level 1 in Throwing
  1314 | D:2      | Reached skill level 1 in Armour
  1314 | D:2      | Reached skill level 1 in Shields
  1314 | D:2      | Reached skill level 1 in Unarmed Combat
  1314 | D:2      | Reached skill level 1 in Evocations
  1362 | D:2      | Reached XP level 4. HP: 22/32 MP: 11/11
  1646 | D:2      | Found a stormy altar of Qazlal.
  1778 | D:3      | Learned a level 2 spell: Call Imp
  2041 | D:3      | Reached skill level 1 in Conjurations
  2041 | D:3      | Reached skill level 1 in Hexes
  2041 | D:3      | Reached skill level 1 in Charms
  2041 | D:3      | Reached skill level 1 in Necromancy
  2041 | D:3      | Reached skill level 1 in Translocations
  2041 | D:3      | Reached skill level 1 in Transmutations
  2041 | D:3      | Reached skill level 1 in Fire Magic
  2041 | D:3      | Reached skill level 1 in Ice Magic
  2041 | D:3      | Reached skill level 1 in Air Magic
  2041 | D:3      | Reached skill level 1 in Earth Magic
  2041 | D:3      | Reached skill level 1 in Poison Magic
  2462 | D:3      | Reached XP level 5. HP: 23/37 MP: 12/12
  2869 | D:4      | Noticed an ogre
  2883 | D:4      | Killed an ogre
  3120 | D:4      | Found a staircase to the Ecumenical Temple.
  3154 | Temple   | Entered the Ecumenical Temple
  3215 | Temple   | Became a worshipper of Ashenzari the Shackled
  3282 | D:4      | Reached XP level 6. HP: 29/44 MP: 13/13
  3904 | D:5      | Entered Level 5 of the Dungeon
  3931 | D:4      | Reached skill level 5 in Dodging
  4051 | D:4      | Learned a level 4 spell: Summon Ice Beast
  4083 | D:5      | Found Vaovukat's Antique Weapon Emporium.
  4087 | D:5      | Noticed a sky beast
  4139 | D:5      | Noticed a sky beast
  4151 | D:4      | Killed a sky beast
  4151 | D:4      | Reached XP level 7. HP: 31/50 MP: 5/15
  4504 | D:5      | Noticed Sigmund
  4519 | D:5      | Bought a smoking spear for 192 gold pieces
  4519 | D:5      | Identified the +9 spear of the Maze {antimagic, rF+ SInv}
                  | (You bought it in a shop on level 5 of the Dungeon)
  4611 | D:5      | Killed Sigmund
  4804 | D:5      | Reached skill level 5 in Stealth
  4856 | D:5      | Reached XP level 8. HP: 49/57 MP: 4/16
  4895 | D:5      | Found a glowing golden altar of the Shining One.
  5275 | D:6      | Found a sand-covered staircase.
  5283 | Ossuary  | Entered an ossuary
  5283 | Ossuary  | Reached * piety under Ashenzari
  5667 | D:6      | Found a burning altar of Makhleb.
  5961 | D:7      | Found a transporter.
  5963 | D:7      | Found a transporter.
  5967 | D:7      | Noticed LabCoat's ghost (novice HOFi)
  6281 | D:7      | Reached XP level 9. HP: 54/65 MP: 1/18
  6709 | D:7      | Reached ** piety under Ashenzari
  6856 | D:7      | Found a deep blue altar of Sif Muna.
  7529 | D:8      | Noticed a troll
  7560 | D:8      | Killed a troll
  7899 | D:8      | Reached skill level 5 in Invocations
  8006 | D:8      | Noticed a two-headed ogre
  8282 | D:8      | Reached XP level 10. HP: 56/73 MP: 6/20
  8351 | D:8      | Reached *** piety under Ashenzari
  8446 | D:8      | Killed a two-headed ogre
  8707 | D:9      | Reached skill level 5 in Fighting
  8707 | D:9      | Reached skill level 5 in Short Blades
  8707 | D:9      | Reached skill level 5 in Long Blades
  8707 | D:9      | Reached skill level 5 in Axes
  8707 | D:9      | Reached skill level 5 in Maces & Flails
  8707 | D:9      | Reached skill level 5 in Polearms
  8707 | D:9      | Reached skill level 5 in Staves
  8707 | D:9      | Reached skill level 5 in Slings
  8707 | D:9      | Reached skill level 5 in Bows
  8707 | D:9      | Reached skill level 5 in Crossbows
  8707 | D:9      | Reached skill level 5 in Throwing
  8707 | D:9      | Reached skill level 5 in Armour
  8707 | D:9      | Reached skill level 5 in Shields
  8707 | D:9      | Reached skill level 5 in Unarmed Combat
  8707 | D:9      | Reached skill level 5 in Evocations
  8797 | D:9      | HP: 1/74 [troll (8)]
  9140 | D:8      | Learned a level 4 spell: Summon Lightning Spire
  9241 | D:9      | Found an ancient bone altar of Kikubaaqudgha.
  9252 | D:9      | Got the uncursed robe of Ymet Jor {rElec rPois rC- Int-2}
  9275 | D:9      | Found a staircase to the Lair.
  9282 | D:9      | Noticed a two-headed ogre
  9291 | D:9      | Killed a two-headed ogre
  9540 | D:9      | Noticed an unseen horror
  9572 | D:9      | HP: 2/74 [unseen horror (7)]
  9603 | D:9      | Killed an unseen horror
 10073 | D:9      | Noticed a centaur warrior
 10094 | D:9      | Killed a centaur warrior
 10094 | D:9      | Reached XP level 11. HP: 24/81 MP: 7/22
 10467 | D:10     | Entered Level 10 of the Dungeon
 10533 | D:10     | Noticed Sonja
 10537 | D:10     | Killed Sonja
 10696 | D:10     | Reached skill level 5 in Conjurations
 10696 | D:10     | Reached skill level 5 in Hexes
 10696 | D:10     | Reached skill level 5 in Charms
 10696 | D:10     | Reached skill level 5 in Necromancy
 10696 | D:10     | Reached skill level 5 in Translocations
 10696 | D:10     | Reached skill level 5 in Transmutations
 10696 | D:10     | Reached skill level 5 in Fire Magic
 10696 | D:10     | Reached skill level 5 in Ice Magic
 10696 | D:10     | Reached skill level 5 in Air Magic
 10696 | D:10     | Reached skill level 5 in Earth Magic
 10696 | D:10     | Reached skill level 5 in Poison Magic
 11377 | D:10     | Found Beiclito's Jewellery Boutique.
 11428 | D:10     | Found Ceseha's Gadget Shop.
 11563 | D:10     | Noticed Fannar
 11575 | D:10     | Killed Fannar
 11651 | D:10     | Noticed Snorg
 11665 | D:10     | Slain by Snorg

Levels and vault maps discovered:
D:1:      ldierk_water_garden, layout_rooms, minmay_misc_feat_chi
D:2:      layout_basic, grunt_qazlal_clouds, dancing_weapons_uskayaw,
          minmay_misc_feat_x
D:3:      layout_loops_corners, minmay_increasing_density
D:4:      layout_loops_ring, temple_pool_b, corexii_shack
D:5:      layout_rooms, kennysheep_mini, serial_shops, shop, first_ration,
          uniq_sigmund
D:6:      layout_cave_pools, lemuel_round_altar, chequers_ossuary_entry_cave
D:7:      layout_basic, led_sif_pool, gammafunk_ghost_hive
D:8:      layout_cave_pools
D:9:      layout_irregular_city, lemuel_doored_altar, david_lair_shrubbed,
          serial_glass, glass_columns_a, glass_columns_a,
          minmay_shattered_shrine
D:10:     layout_roguey [special_room_bee], serial_shops,
          nicolae_shop_window_shopping, nicolae_shop_behind_doors,
          shop_fountains, uniq_sonja, uniq_fannar, uniq_snorg, uniq_joseph
Temple:   compressed_dpeg_circular_temple

Skill      XL: |  1  2  3  4  5  6  7  8  9 10 11 |
---------------+----------------------------------+-----
Spellcasting   | 5 6 7 8 |  8.0
Invocations    | 1 2 3 4 5 6 |  6.8
Fighting       | 1 2 3 4 5 6 |  6.2
Short Blades   | 1 2 3 4 5 6 |  6.2
Long Blades    | 1 2 3 4 5 6 |  6.2
Axes           | 1 2 3 4 5 6 |  6.2
Maces & Flails | 1 2 3 4 5 6 |  6.2
Polearms       | 1 2 3 4 5 6 |  6.2
Staves         | 1 2 3 4 5 6 |  6.2
Slings         | 1 2 3 4 5 6 |  6.2
Bows           | 1 2 3 4 5 6 |  6.2
Crossbows      | 1 2 3 4 5 6 |  6.2
Throwing       | 1 2 3 4 5 6 |  6.2
Armour         | 1 2 3 4 5 6 |  6.2
Shields        | 1 2 3 4 5 6 |  6.2
Unarmed Combat | 1 2 3 4 5 6 |  6.2
Evocations     | 1 2 3 4 5 6 |  6.2
Conjurations   | 1 2 3 4 5 |  5.1
Hexes          | 1 2 3 4 5 |  5.1
Charms         | 1 2 3 4 5 |  5.1
Necromancy     | 1 2 3 4 5 |  5.1
Translocations | 1 2 3 4 5 |  5.1
Transmutations | 1 2 3 4 5 |  5.1
Fire Magic     | 1 2 3 4 5 |  5.1
Ice Magic      | 1 2 3 4 5 |  5.1
Air Magic      | 1 2 3 4 5 |  5.1
Earth Magic    | 1 2 3 4 5 |  5.1
Poison Magic   | 1 2 3 4 5 |  5.1
Dodging        | 5 6 7 |  7.8
Stealth        | 5 6 7 |  7.5
Summonings     | 8 |  8.9

Action                   |  1- 3 |  4- 6 |  7- 9 | 10-12 || total
-------------------------+-------+-------+-------+-------++-------
Melee: Unarmed           |    19 |       |       |       ||    19
       Halberd           |    79 |   153 |       |       ||   232
       Bite              |     6 |    16 |    32 |    19 ||    73
       Spear             |       |       |   397 |   251 ||   648
 Cast: Summon Small Mamm |    18 |       |       |       ||    18
       Call Imp          |       |    45 |    27 |     4 ||    76
       Summon Ice Beast  |       |     2 |     1 |     5 ||     8
       Summon Lightning  |       |       |       |    24 ||    24
Invok: Curse Item        |       |     1 |     3 |     1 ||     5
  Use: Potion            |     1 |     1 |     3 |     4 ||     9
       Scroll            |       |     3 |     6 |     2 ||    11
 Stab: Sleeping          |     1 |    10 |     6 |     5 ||    22
       Distracted        |       |       |     1 |       ||     1
  Eat: Chunk             |     1 |    10 |     7 |     3 ||    21
       Ration            |       |       |     2 |     3 ||     5
Armor: Robe              |    31 |    39 |    34 |    45 ||   149
       Chain mail        |       |       |   116 |    17 ||   133
Dodge: Dodged            |   113 |   195 |   196 |   234 ||   738
Block: Shield            |       |       |   184 |   164 ||   348

Table legend:
 A = Non-vault XP
 B = Vault XP
 C = Vault XP percentage of total XP
 D = Non-vault monster count
 E = Vault monster count
 F = Vault count percentage of total count
                 A         B        C        D         E       F
            +---------+---------+-------+---------+---------+-------
      Total |    7966 |    5181 |  39.4 |     212 |      62 |  22.6
            +---------+---------+-------+---------+---------+-------
        D:1 |      45 |       0 |   0.0 |      25 |       0 |   0.0
        D:2 |      74 |       0 |   0.0 |      22 |       0 |   0.0
        D:3 |      47 |      10 |  17.5 |      23 |       5 |  17.9
        D:4 |     427 |       3 |   0.7 |      23 |       1 |   4.2
        D:5 |     574 |     139 |  19.5 |      20 |       1 |   4.8
        D:6 |     512 |       0 |   0.0 |       7 |       0 |   0.0
        D:7 |    1145 |       0 |   0.0 |      34 |       0 |   0.0
        D:8 |    2415 |       0 |   0.0 |      23 |       0 |   0.0
        D:9 |    1694 |    2764 |  62.0 |      16 |      11 |  40.7
       D:10 |    1033 |    2114 |  67.2 |      19 |      28 |  59.6
    Ossuary |       0 |     151 | 100.0 |       0 |      16 | 100.0
            +---------+---------+-------+---------+---------+-------
